 Dungeon Crawl Stone Soup version 0.32-a0-656-g3542139ebd (webtiles) character file.

Game seed: 2228367576959052109

67 runemasterragnar the Charlatan (level 4, -1/33 HPs)
             Began as a Coglin Artificer on Mar 9, 2024.
             Slain by a goblin
             ... wielding a +0 dagger
             ... led by Robin
              (3 damage)
             ... on level 2 of the Dungeon.
             The game lasted 00:02:16 (1441 turns).

runemasterragnar the Charlatan (Coglin Artificer)   Turns: 1441, Time: 00:02:18

Health: -1/33      AC:  0    Str: 14    XL:     4   Next: 18%
Magic:  4/4        EV: 13    Int: 11    God:
Gold:   44         SH:  0    Dex: 14    Spells: 3/3 levels left

rFire   . . .        l - melded +1 dagger (venom) {Ammiditana}
rCold   . . .        f - melded +0 dagger {Jaspreet}
rNeg    . . .        b - melded +0 leather armour
rPois   .            (helmet currently unavailable)
rElec   .            (cloak currently unavailable)
rCorr   .            (gloves currently unavailable)
SInv    .            (boots currently unavailable)
Will    .....        (no amulet)
Stlth   ++           (ring currently unavailable)
HPRegen 0.25/turn    (ring currently unavailable)
MPRegen 0.09/turn    (no gizmo)

%: no passive effects
@: pig-form, very quick
A: fast, no casting, small, (off-hand wielding), (slow wielding), (warmup
strikes), (no jewellery)
a: Invent Gizmo


You were on level 2 of the Dungeon.
You were a filthy swine.
You visited 1 branch of the dungeon, and saw 2 of its levels.

You collected 44 gold pieces.

Inventory:

Hand Weapons
 a - a +0 club {Suni}
 f - a +0 dagger (melded) {Jaspreet}
 l - a +1 dagger of venom (melded) {Ammiditana}
Armour
 b - a +0 leather armour (melded)
 g - a +0 ring mail
Wands
 c - a wand of flame (13) (quivered)
 d - a wand of charming (15)
 e - a wand of iceblast (5)
Scrolls
 k - 2 scrolls of teleportation {unknown}
 m - 3 scrolls of identify {unknown}
 o - 3 scrolls of enchant weapon {unknown}
 p - a scroll of fog {unknown}
Potions
 h - a potion of attraction {unknown}
 i - a potion of curing {unknown}
 j - a potion of heal wounds {unknown}
 n - a potion of brilliance {unknown}


   Skills:
 + Level 2.2 Fighting
 * Level 1.1 Short Blades
 + Level 2.5 Armour
 - Level 0.8 Dodging
 - Level 0.7 Stealth
 - Level 4.6 Evocations


You had 3 spell levels left.
You didn't know any spells.
Your spell library was empty.

Dungeon Overview and Level Annotations

Branches:
Dungeon (2/15)

Altars:

Shops:
D:1 *

Annotations:
D:2 Robin


Innate Abilities, Weirdness & Mutations

You are a filthy swine.
You move quickly.
Your equipment is almost entirely melded.
You are incapable of wielding weapons or throwing items.
You cannot cast spells.
((You can wield a second weapon in your off-hand.))
((It takes a long time for you to wield or remove held weapons.))
((Your first few attacks do less damage.))
((You cannot equip rings or amulets.))


Message History

You hit Robin with your +1 dagger of venom.
Robin is lightly wounded.
You completely miss Robin with your +0 dagger.
Robin barely misses you. The goblin barely misses you.
You barely miss Robin with your +1 dagger of venom.
Robin is lightly wounded.
You barely miss Robin with your +0 dagger.
Robin hits you with a +0 club. The goblin hits you with a +0 club.
Unknown command.
Robin barely misses you.
Unknown command.
You closely miss Robin with your +0 dagger.
Robin is lightly wounded.
You hit Robin with your +1 dagger of venom.
Robin is poisoned.
The hobgoblin misses you. Robin throws the goblin at you!
Unknown command.
You hit Robin with your +0 dagger.
Robin is heavily wounded.
You barely miss Robin with your +1 dagger of venom.
The goblin hits you but does no damage. The hobgoblin barely misses you.
Robin hits you but does no damage.
You hit the goblin with your +1 dagger of venom.
The goblin is poisoned.
The goblin is moderately wounded.
You closely miss the goblin with your +0 dagger.
You kill the goblin!
Robin zaps a wand.
You turn into a filthy swine.
Your +1 dagger of venom {Ammiditana} melds into your body.
Your +0 dagger {Jaspreet} melds into your body.
Your +0 leather armour melds into your body.
Your +1 dagger of venom {Ammiditana} stops dripping with poison.
The hobgoblin hits you.
You hit Robin but do no damage.
Robin is heavily wounded.
The hobgoblin hits you.
* * * LOW HITPOINT WARNING * * *
Robin throws the goblin at you!
* * * LOW HITPOINT WARNING * * *
The goblin hits you with a +0 dagger.
You die...

#.# #.# #.#
#.# #.# #.#
#g#
#.###g########
#..ghgg?.$....
######.######.
#.# #.# #.#
#.# #.# #.#


You could see Robin (very poisoned), 2 hobgoblins and 2 goblins.

Vanquished Creatures
  2 adders (D:2)
  2 dart slugs (D:1)
  2 endoplasms
  A giant cockroach (D:1)
  10 goblins
  7 hobgoblins
  A quokka (D:1)
  3 ball pythons (D:1)
  4 bats
  2 frilled lizards (D:1)
  5 kobolds
  2 rats
41 creatures vanquished.

Notes
Turn   | Place    | Note
-------+----------+-------------------------------------------
     0 | D:1      | runemasterragnar the Coglin Artificer began the quest for
                  | the Orb.
     0 | D:1      | Reached XP level 1. HP: 15/15 MP: 1/1
     7 | D:1      | Found Gymyned's General Store.
    97 | D:1      | Reached XP level 2. HP: 19/21 MP: 2/2
   479 | D:1      | Reached XP level 3. HP: 24/27 MP: 3/3
  1314 | D:2      | Reached skill level 1 in Short Blades
  1314 | D:2      | Reached XP level 4. HP: 28/33 MP: 4/4
  1417 | D:2      | Noticed Robin
  1441 | D:2      | Slain by a goblin

Illustrated notes

Levels and vault maps discovered:
D:1:      onia_arrival_pentagram, layout_basic, serial_shops,
          nicolae_shop_getting_attention
D:2:      layout_loops_ring, basic_altar, uniq_crazy_yiuf_cottage, uniq_robin

Skill      XL: |  1  2  3 |
---------------+----------+-----
Armour         | 2 |  2.5
Fighting       | 2 |  2.2
Short Blades   | 1 |  1.1
Dodging        | |  0.8
Stealth        | |  0.7
Evocations     | |  4.6

Action                     |  1- 3 |  4- 6 || total
---------------------------+-------+-------++-------
  Melee: Dagger            |   102 |    35 ||   137
         Club              |    72 |       ||    72
         Unarmed           |       |     1 ||     1
  Evoke: Wand              |     2 |       ||     2
    Use: Scroll            |     1 |       ||     1
   Stab: Sleeping          |     1 |       ||     1
 Armour: Leather armour    |    63 |    11 ||    74
         Skin              |       |     4 ||     4
  Dodge: Dodged            |    65 |    13 ||    78

Table legend: (Time is in decaauts)
 A = Elapsed time spent in this place.
 B = Non-inter-level travel time spent in this place.
 C = Inter-level travel time spent in this place.
 D = Time resting spent in this place.
 E = Time spent auto-exploring this place.
 F = Levels seen in this place.
 G = Mean time per level.
                   A        B        C        D        E       F      G
               +--------+--------+--------+--------+--------+-----+--------+
         Total |   1451 |   1412 |     39 |     83 |   1028 |   2 |  725.5 |
       Dungeon |   1451 |   1412 |     39 |     83 |   1028 |   2 |  725.5 |
               +--------+--------+--------+--------+--------+-----+--------+

Top non-repeatable levels by time:
     D:1: 1231 daAuts
     D:2: 219 daAuts
